Cogmind - Beta 16 *** ADVENTURER MODE // 2026.01.05 @ 02:08:12 Player: Skye Result: Destroyed by S-10 Pest with Light Assault Rifle Performance ------------- Evolutions (0) 0 Regions Visited (2) 400 Robots Destroyed (16) 80 Value Destroyed (357) 357 Prototype IDs (2) 40 Alien Tech Used (0) 0 Bonus (0) 0 TOTAL SCORE: 877 Bonus ------- None Cogmind --------- Core Integrity 0/250 Matter 261/300 Energy 100/100 System Corruption 0% Temperature Cool (0) Movement Rolling (130) Ox2 Location -10/Mines Parts ------- > --- POWER (1) -------- (None) > --- PROPULSION (2) --- Compact Wheel > --- UTILITY (2) ------ High-capacity Storage Unit Targeting Computer > --- WEAPON (2) ------- Assault Rifle > --- INVENTORY (20) --- Ion Engine Ion Engine Light Ion Engine Light Ion Engine Light Nuclear Core Light Treads Light Treads Wheel Wheel Compact Wheel Compact Wheel Compact Wheel Signal Interpreter Targeting Computer Targeting Computer Tractor Beam Particle Gun Light Assault Rifle Grenade Launcher Grenade Launcher Peak State ------------ > --- POWER ------------ Ion Engine > --- PROPULSION ------- Compact Wheel Compact Wheel > --- UTILITY ---------- High-capacity Storage Unit Improved Terrain Scanner > --- WEAPON ----------- Assault Rifle Assault Rifle > --- INVENTORY -------- Ion Engine Light Treads Light Treads Aluminum Leg Wheel Wheel Wheel Compact Wheel Grenade Launcher Grenade Launcher [Rating: 10] Favorites ----------- Power Ion Engine Engine Ion Engine Propulsion Compact Wheel Treads Light Treads Wheel Compact Wheel Utility High-capacity Storage Unit Device Improved Terrain Scanner Storage High-capacity Storage Unit Processor Targeting Computer Weapon Assault Rifle Energy Gun Small Laser Ballistic Gun Assault Rifle Launcher Grenade Launcher Build | -11 -10 -10 ------- Run | Yrd Mat Min Slots Evolved . | . . . Power . | . . . Propulsion . | . . . Utility . | . . . Weapon . | . . . Parts Attached 17 | 10 6 1 Power 1 | 1 . . Engine 1 | 1 . . Core . | . . . Reactor . | . . . Propulsion 7 | 4 2 1 Treads 1 | 1 . . Leg . | . . . Wheel 6 | 3 2 1 Hover . | . . . Flight . | . . . Utility 5 | 2 3 . Device 2 | 1 1 . Storage 2 | 1 1 . Processor 1 | . 1 . Hackware . | . . . Protection . | . . . Artifact . | . . . Weapon 4 | 3 1 . Energy Gun 1 | 1 . . Energy Cannon . | . . . Ballistic Gun 2 | 2 . . Ballistic Cannon . | . . . Launcher 1 | . 1 . Special Weapon . | . . . Impact Weapon . | . . . Slashing Weapon . | . . . Piercing Weapon . | . . . Special Melee Weapon . | . . . Unidentified Prototypes . | . . . Parts Lost 4 | . . 4 Power 1 | . . 1 Propulsion 2 | . . 2 Utility . | . . . Weapon 1 | . . 1 Highest Loss Streak 2 | . . 2 To Critical Strikes . | . . . Average Backups 17 | 4 18 20 Power 4 | . 4 5 Propulsion 7 | 3 7 7 Utility 2 | . 2 4 Weapon 3 | . 3 4 Tool/Special . | . . . Unused Backups 22 | 1 4 17 Power 5 | . . 5 Propulsion 9 | 1 3 5 Utility 4 | . . 4 Weapon 4 | . 1 3 Tool/Special . | . . . Average Slot Usage (%) 97 | . 98 96 Engine 13 | . 13 12 Wheel 27 | . 28 27 Device 1 | . 2 . Storage 14 | . 14 14 Processor 10 | . 10 14 Ballistic Gun 26 | . 26 28 Launcher 1 | . 1 . Peak Build Rating 10 | 9 10 9 Average Rating 8 | 6 8 8 On Entrance 6 | . 9 9 Avg Prop Armor Cover (%) . | . . . Naked Turns . | . . . Heaviest Build 50 | 15 50 49 Greatest Support 32 | 32 32 32 Greatest Overweight (x) 2 | . 2 2 Average Overweight (x) . | . . 1 Largest Inventory Capacity 20 | 8 20 20 Average Capacity 18 | 7 19 20 Most Carried 20 | 8 20 20 Average Carried 17 | 4 18 20 Final Capacity 20 | 8 20 20 Final Carried 20 | 8 20 20 Class Distribution -------------------- 100% | Mutant Dominant Class ---------------- Mutant | -10/Materials Mutant | -10/Mines Resources | -11 -10 -10 ----------- Run | Yrd Mat Min Matter Collected 652 | 332 228 92 Remotely . | . . . Salvage Created 566 | 137 363 66 Parts 36 | 10 17 9 Haulers Intercepted . | . . . Recyclers Shooed . | . . . Parts Field Recycled . | . . . Retrieved Matter . | . . . Parts Self-Destructed . | . . . Prevented . | . . . Parts Restored . | . . . Kills | -11 -10 -10 ------- Run | Yrd Mat Min Combat Hostiles Destroyed 10 | . 5 5 Guns 10 | . 5 5 Classes Destroyed 7 | 2 2 3 Tunneler 3 | 3 . . Recycler 3 | 1 2 . Watcher 1 | . 1 . Swarmer 3 | . . 3 Grunt 5 | . 5 . Demolisher 1 | . . 1 Assembled 1 | . . 1 Best Kill Streak 4 | 4 3 3 Combat Bots Only 3 | . 2 3 Max Kills in Single Turn 1 | 1 1 1 Gunslinging . | . . . Exploded . | . . . Melee . | . . . Uniques/NPCs Destroyed . | . . . Combat | -11 -10 -10 -------- Run | Yrd Mat Min Hostile Shots Fired 71 | . 17 54 Missed 17 | . 6 11 Hits 54 | . 11 43 Projectile 54 | . 11 43 AOE 9 | . . 9 Damage Taken 652 | . 130 522 Core 255 | . 42 213 Absorbed by Shields . | . . . Ignored by Resistances 191 | . 37 154 Regen/Repaired (Parts) 61 | . 61 . Core Remaining (%) 100 | 100 . . Volleys Fired 45 | 9 23 13 Largest 2 | 2 2 2 Hottest 50 | 40 50 40 Shots Fired 89 | 18 46 25 Gun 87 | 18 44 25 Cannon . | . . . Launcher 2 | . 2 . Special . | . . . Kinetic 87 | 18 44 25 Thermal . | . . . Explosive 2 | . 2 . Electromagnetic . | . . . Robot Hit Streak 11 | 9 11 7 Robot Miss Streak 2 | 1 1 2 Penetration Max . | . . . Secondary Targets 1 | . . 1 Max Gunslinging Chain 1 | . . 1 Shots Hit Robots 54 | 12 27 15 Core Hits 24 | 5 13 6 Critical Kills . | . . . Critical Parts Destroyed 1 | . . 1 Critical Strikes 1 | . . 1 Destroy 1 | . . 1 Melee Attacks . | . . . Impact . | . . . Slashing . | . . . Piercing . | . . . Sneak Attacks . | . . . Combat Hostiles . | . . . Follow-up Attacks . | . . . Damage Inflicted 728 | 158 377 193 Guns 704 | 158 353 193 Cannons . | . . . Explosions 24 | . 24 . Melee . | . . . Ramming . | . . . Kinetic 704 | 158 353 193 Thermal . | . . . Explosive 24 | . 24 . Electromagnetic . | . . . Impact . | . . . Slashing . | . . . Piercing . | . . . Highest Corruption . | . . . Average Corruption . | . . . Corruption Purged . | . . . Corruption Blocked . | . . . Overload Shots . | . . . Overflow Damage . | . . . Projectiles . | . . . Explosions . | . . . Melee . | . . . Knockbacks . | . . . Impact . | . . . Kinetic . | . . . Secondary . | . . . Self-Inflicted Damage . | . . . Shots . | . . . Rammed . | . . . Targets Rammed . | . . . Kicked . | . . . Crushed . | . . . Highest Temperature 8 | . 7 8 Average Temperature 3 | . 2 8 Received Heat Transfer 153 | . 93 60 Siege Activations . | . . . Martial Activations . | . . . Shielding Activations . | . . . Robots Disrupted . | . . . Combat Hostiles . | . . . Robots Corrupted . | . . . Combat Hostiles . | . . . Parts Fried . | . . . Impact Corruptions . | . . . Robots Melted . | . . . Combat Hostiles . | . . . Parts Melted . | . . . Heat Transferred . | . . . Parts Sabotaged . | . . . Parts Stolen . | . . . Parts Stripped . | . . . Power Chain Reactions . | . . . Alert | -11 -10 -10 ------- Run | Yrd Mat Min Maximum Alert Level . | . . . Low Security (%) 100 | 100 100 100 Level 1 . | . . . Level 2 . | . . . Level 3 . | . . . Level 4 . | . . . Level 5 . | . . . High Security . | . . . Max Security . | . . . Peak Influence 90 | 10 56 90 Initial . | . . . Average 9 | 1 5 34 Influence Increases 357 | 20 207 130 Destroy 0b10 Robot/C 180 | . 100 80 Destroy 0b10 Robot/NC 35 | 20 15 . Destroy Leader 52 | . 32 20 Successful Hack 7 | . 7 . Disable Machine 9 | . 9 . Destroy Structure 14 | . 14 . Partial Spotted 15 | . 15 . Lose Combat Pursuer 45 | . 15 30 Influence Decreases 357 | 20 207 130 Time Decay 347 | 20 207 120 Lost Part 10 | . . 10 Squads Dispatched 2 | . 2 . Investigation 2 | . 2 . Extermination . | . . . Reinforcement . | . . . Assault . | . . . Garrison . | . . . Intercept . | . . . Searches Triggered . | . . . Construction Impeded . | . . . Haulers Reinforced . | . . . Active Scanning Responses . | . . . Cargo Convoy Interrupts . | . . . Stealth | -11 -10 -10 --------- Run | Yrd Mat Min Distress Signals 1 | . 1 . Communications Jammed . | . . . Distress Signals . | . . . Times Spotted 29 | . 13 16 Peak Tracking Total 6 | . 3 6 Tactical Retreats 3 | . 1 2 Traps | -11 -10 -10 ------- Run | Yrd Mat Min Traps Triggered 2 | . 2 . Indirectly . | . . . Trap Hack Attempts . | . . . Triggered . | . . . Disarmed . | . . . Reprogrammed . | . . . Reused . | . . . Traps Extracted . | . . . Installed . | . . . Triggered . | . . . Machines | -11 -10 -10 ---------- Run | Yrd Mat Min Machines Disabled 1 | . 1 . Max in Single Turn 1 | . 1 . Machines Repaired . | . . . Machines Dismantled . | . . . Machines Sabotaged . | . . . Overloaded Fab Kills . | . . . Hacking | -11 -10 -10 --------- Run | Yrd Mat Min Machines Accessed 9 | . 9 . Terminals 7 | . 7 . Fabricators . | . . . Repair Stations 1 | . 1 . Recycling Units 1 | . 1 . Scanalyzers . | . . . Garrison Access . | . . . Total Hacks 23 | . 23 . Successful 11 | . 11 . Failed 12 | . 12 . Catastrophic 8 | . 8 . Database Lockouts . | . . . Manual 13 | . 13 . Terminals 14 | . 14 . Fabricators . | . . . Repair Stations 5 | . 5 . Recycling Units 4 | . 4 . Scanalyzers . | . . . Garrison Access . | . . . Terminal Hacks 2 | . 2 . Prototype ID Bank 1 | . 1 . Branch Access Points 1 | . 1 . Fabricator Hacks . | . . . Repair Station Hacks 5 | . 5 . Scan Component 3 | . 3 . Repair 2 | . 2 . Recycling Unit Hacks 4 | . 4 . Recycle Component 1 | . 1 . Process 1 | . 1 . Report Inventory 2 | . 2 . Scanalyzer . | . . . Garrison Access Hacks . | . . . Unauthorized Hacks . | . . . Terminals . | . . . Fabricators . | . . . Repair Stations . | . . . Recycling Units . | . . . Scanalyzers . | . . . Garrison Access . | . . . Data Cores Recovered . | . . . Used . | . . . Hacking Detections 9 | . 9 . Full Trace Events 3 | . 3 . Feedback Events . | . . . Feedback Blocked . | . . . Robot Schematics Acquired . | . . . Robots Built . | . . . Authchips . | . . . Time . | . . . Total Robot Build Rating . | . . . Part Schematics Acquired . | . . . Parts Built . | . . . Authchips . | . . . Time . | . . . Total Part Build Rating . | . . . Part Studies Acquired . | . . . Parts Repaired 2 | . 2 . Time 52 | . 52 . Parts Recycled 1 | . 1 . Recycled Matter 112 | . 112 . Retrieved Matter . | . . . Retrieved Components . | . . . Parts Scanalyzed . | . . . Part Schematics Acquired . | . . . Parts Damaged . | . . . Bothacking | -11 -10 -10 ------------ Run | Yrd Mat Min Used RIF Installer . | . . . Robots Hacked . | . . . Non-combat . | . . . Combat . | . . . Robot Hacks Applied . | . . . Relay Couplers Released . | . . . Fabnet Peak Effective % . | . . . Robots Rewired . | . . . Allies Hacked . | . . . Hacks Repelled . | . . . Allies | -11 -10 -10 -------- Run | Yrd Mat Min Total Allies . | . . . Largest Group . | . . . Highest-Rated Group . | . . . Highest-Rated Ally . | . . . Total Orders . | . . . Ally Attacks . | . . . Total Damage . | . . . Kills . | . . . Allies Corrupted . | . . . Allies Melted . | . . . Intel | -11 -10 -10 ------- Run | Yrd Mat Min Active Infowar (turns) 260 | 33 227 . Terrain 209 | 33 176 . Seismic 51 | . 51 . Robot Analysis Total . | . . . Derelict Logs Recovered 2 | . . 2 Drone Launches . | . . . Drone Recoveries . | . . . Exploration | -11 -10 -10 ------------- Run | Yrd Mat Min Turns Passed 1898 | 113 1502 283 Spaces Moved 978 | 64 706 208 Core 1 | 1 . . Treads . | . . . Legs . | . . . Wheels 977 | 63 706 208 Hover . | . . . Flight . | . . . Fastest Speed 50 | 50 100 105 Average Speed 112 | 92 113 115 Slowest Speed 130 | 100 130 130 Overloaded Moves . | . . . Propulsion Burnouts . | . . . Robots Hopped . | . . . Potential Cave-ins . | . . . Cave-ins Triggered . | . . . Exploration Rate (%) 46 | 4 85 49 Regions Visited 2 Branch Regions 1 Pre-discovered Areas . | . . . Known Exits Taken 1 | . 1 . Unknown Exits Taken 1 | 1 . . Scrap Searched 1 | . . 1 Spaces Dug . | . . . Terrain Destroyed 14 | . 14 . Melee . | . . . Projectile . | . . . AOE 14 | . 14 . Terrain Rammed . | . . . Walls Destroyed . | . . . Machines Disabled . | . . . Actions | -11 -10 -10 --------- Run | Yrd Mat Min Total 1685 | 98 1361 226 Wait 593 | . 589 4 Move 976 | 63 705 208 Hop . | . . . Pick Up 36 | 12 24 . Fast Attach 9 | 6 2 1 Attach 7 | 2 5 . Detach 2 | 1 1 . Swap 7 | 2 5 . Drop 10 | 3 7 . Fire 45 | 9 23 13 Melee . | . . . Ram . | . . . Kick . | . . . Crush . | . . . Escape Stasis . | . . . Rewire . | . . . Trap . | . . . Miscellaneous . | . . . Route ------- -11/Scrapyard -10/Materials (discovered 4 exits: *Mat x2 / *Min x2) -10/Mines (discovered 1 exit: Mat) History --------- Turn | Location | Event 37 | -11/Scrapyard | Discovered new exit (range 16) 114 | -11/Scrapyard | Entered Materials 272 | -10/Materials | Discovered new exit (range 14) 321 | -10/Materials | Build established: Mutant 361 | -10/Materials | Discovered new exit (range 15) 483 | -10/Materials | Identified exit to Mines 1185 | -10/Materials | Discovered new exit (range 9) 1527 | -10/Materials | Repaired Ion Engine 1568 | -10/Materials | Repaired Com. Wheel 1616 | -10/Materials | Entered Mines 1633 | -10/Mines | Met a Derelict bent on vengeance 1741 | -10/Mines | Identified exit to Materials 1823 | -10/Mines | Assembled infested the area 1840 | -10/Mines | Learned 4 Materials zone layouts 1859 | -10/Mines | Core integrity fell below 50% 1890 | -10/Mines | Core integrity fell below 20% 1899 | -10/Mines | Destroyed by S-10 Pest with Light Assault Rifle Last Messages --------------- Destroyed Shock Absorption System. U-05 Engineer builds a Wall. D-53 Grenadier destroyed. U-05 Engineer builds a Wall. The unstable cave ceiling collapses. U-05 Engineer lays Concrete. U-05 Engineer builds a Wall. The unstable cave ceiling collapses. U-05 Engineer lays Concrete. as-38439 sneak attacks. U-05 Engineer destroyed. The unstable cave ceiling collapses. K-01 Serf collects debris. Acquired Wheel. S-10 Pest destroyed. K-01 Serf collects debris. Assault Rifle destroyed. K-01 Serf collects debris. Wheel destroyed. as-13671 destroyed. Map ----- +----------------------------------------------------+ | ???????# ?????????# #?????????????????## | | ???????? ????????# ############??????# | | ????????? #???????# =! ! #?????## | | ?????????# ??????## ########## #????## | | ????????## #????## ##???????# #??### | | ????????# ???## ##??????# #### # | | ???????## #?## ##?????# ## ## | | ????#### ## ##????##### #### ##? | | ???## [ #######??# ##??######?? | | ???# %* #??# ###########? | | ???# ## #### | | ???## ##### ###### | | ????## ### ##??# #????# ############# | | ?????##????## ##?#a#????##########???????????? | | ????????????# #?#a#?????????????????????????? | | ????????????# #?# ###???????????????????????? | | ????????????# #?# a #???????????????????????? | | ???????????## ##??# #???????????????????????? | | ????????#### ##### #???????????????????????? | | ???????## # ## #???????????????????????? | | ???????# # # #???????????????????????? | | ???????# # ##*%##??????????????????????? | | ???????## ### !% #??????????????????????? | | ????????## # =! ##?????????????????????? | | ??######### # ### s #?????????????????????? | | # s @ #?????????????????????? | | ??######### ###k ##?????????????????????? | | ??????????# ### % ###??????????????????????? | | ??????????# #?## %*####????????????????????????? | | ?????????? #?# =##???????????????????????????? | | ?????????## #?# #????????????????????????????? | | ??????????# ????????????????????????????? | | ??????????# ????????????????????????????? | | ??????????####### ????????????????????????????? | | ????????????????# ????????????????????????????? | | ????????????????## #????????????????????????????? | | ?????????????????# ?????????????????????????????? | | ?????????????????# ?????????????????????????????? | | ?????????????????# ?????????????????????????????? | | ?????????????????# ?????????????????????????????? | | ?????????????????# ?????????????????????????????? | | ?????????????????? ?????????????????????????????? | | ?????????????????? ?????????????????????????????? | | ?????????????????????????????????????????????????? | | ?????????????????????????????????????????????????? | | ?????????????????????????????